 Dungeon Crawl Stone Soup version 0.31-a0-233-g139696dc86 (webtiles) character file.

Game seed: 12490789191831822467

227 reriks the Magician (level 5, -1/41 HPs)
             Began as an Armataur Hedge Wizard on July 9, 2023.
             Slain by a sleepcap (5 damage)
             ... on level 4 of the Dungeon.
             The game lasted 00:07:39 (4481 turns).

reriks the Magician (Armataur Hedge Wizard)         Turns: 4481, Time: 00:07:39

Health: -1/41      AC:  6    Str: 15    XL:     5   Next: 70%
Magic:  9/9        EV: 10    Int: 17    God:
Gold:   111        SH:  0    Dex:  9    Spells: 4/10 levels left

rFire   . . .        q - +2 dagger (venom)
rCold   . . .        i - orb {light}
rNeg    . . .        b - +0 robe
rPois   .            s - +0 helmet
rElec   .            (no cloak)
rCorr   .            u - +0 pair of gloves
SInv    .            (no barding)
Will    .....        o - amulet of magic regeneration
Stlth   +            r - ring of flight
HPRegen 0.26/turn    (no ring)
MPRegen 0.51/turn

%: roll
@: flying, glowing
A: large, rugged brown scales 3, deformed body, armoured tail, roll, long
tongue, awkward tongue
a: no special abilities


You were on level 4 of the Dungeon.
You visited 1 branch of the dungeon, and saw 4 of its levels.

You collected 111 gold pieces.

Inventory:

Hand Weapons
 a - a +0 dagger
 q - a +2 dagger of venom (weapon)
Armour
 b - a +0 robe (worn)
 c - a +0 hat
 i - an orb of light (worn)
 s - a +0 helmet (worn)
 u - a +0 pair of gloves (worn)
Jewellery
 o - an amulet of magic regeneration (around neck)
 r - a ring of flight (left hand)
Wands
 p - a wand of digging (4)
Scrolls
 g - 2 scrolls of blinking {unknown}
 l - a scroll of poison {unknown}
 m - 3 scrolls of identify {unknown}
 n - a scroll of teleportation {unknown}
 t - a scroll of butterflies {unknown}
Potions
 d - a potion of magic
 e - a potion of haste {unknown}
 f - a potion of cancellation {unknown}
 h - a potion of degeneration {unknown}
 j - a potion of heal wounds {unknown}
 k - a potion of might {unknown}


   Skills:
 + Level 0.9 Fighting
 + Level 1.2 Armour
 + Level 2.1 Dodging
 - Level 3.1 Stealth
 * Level 3.3 Spellcasting
 * Level 2.2 Conjurations
 - Level 1.5 Summonings
 - Level 2.0 Translocations
 * Level 0.9 Poison Magic


You had 4 spell levels left.
You knew the following spells:

 Your Spells              Type           Power      Damage    Failure   Level
a - Magic Dart            Conj           40%        1d5       7%          1
b - Blink                 Tloc           18%        N/A       11%         2
c - Mephitic Cloud        Conj/Pois/Air  6%         N/A       32%         3

Your spell library contained the following spells:

 Spells                   Type           Power      Damage    Failure   Level
 Lesser Beckoning         Tloc           18%        N/A       11%         2
 Momentum Strike          Conj/Tloc      20%        3d8       11%         2
 Call Imp                 Summ           14%        N/A       14%         2
 Slow                     Hex            8%         N/A       17%         1
 Cigotuvi's Dreadful Rot  Necr/Pois/Air  6%         N/A       22%         2
 Alistair's Intoxication  Tmut/Pois      2%         N/A       98%         5
 Borgnjor's Vile Clutch   Necr/Erth      1%         N/A       99%         5
 Eringya's Noxious Bog    Tmut/Pois      2%         4d6       100%        6


Dungeon Overview and Level Annotations

Branches:
Dungeon (4/15)
 Temple: D:4-7

Altars:

Shops:
D:3 *

Annotations:
D:3 2 transporters


Innate Abilities, Weirdness & Mutations

You are completely covered in rugged brown scales. (AC +3, +7% HP)
Armour fits poorly on your strangely shaped body.
You have a long armoured tail.
You roll when moving toward enemies. (Rampage)
Your long tongue fully drains potion bottles. (2x potion effects)
Your tongue gives you trouble enunciating. (1.5x scroll delay)


Message History

The sleepcap attacks as you move away! The sleepcap misses you.
Casting: Magic Dart (safe; 7% risk of failure)
Confirm with . or Enter, or press ? or * to list all spells.
Aiming: Magic Dart (safe; 7% risk of failure)
Press: ? - help, Shift-Dir - straight line, f/p - sleepcap
Aim: a sleepcap (heavily damaged, poisoned, haloed, 100% to hit)
The magic dart hits the sleepcap but does no damage.
The sleepcap is heavily damaged.
The sleepcap releases spores at you but does no damage.
Casting: Magic Dart (safe; 7% risk of failure)
Confirm with . or Enter, or press ? or * to list all spells.
Aiming: Magic Dart (safe; 7% risk of failure)
Press: ? - help, Shift-Dir - straight line, f/p - sleepcap
Aim: a sleepcap (heavily damaged, poisoned, haloed, 100% to hit)
The magic dart hits the sleepcap but does no damage.
The sleepcap is heavily damaged.
The sleepcap releases spores at you but does no damage.
Casting: Magic Dart (safe; 7% risk of failure)
Confirm with . or Enter, or press ? or * to list all spells.
Aiming: Magic Dart (safe; 7% risk of failure)
Press: ? - help, Shift-Dir - straight line, f/p - sleepcap
Aim: a sleepcap (heavily damaged, poisoned, haloed, 100% to hit)
The magic dart hits the sleepcap.
The sleepcap is heavily damaged.
The sleepcap misses you.
Your magical contamination has completely faded away.
You hit the sleepcap but do no damage.
The sleepcap is heavily damaged.
The sleepcap releases spores at you.
* * * LOW HITPOINT WARNING * * *
You are engulfed in a cloud of soporific spores!
You fall asleep.
The sleepcap releases spores at you but does no damage.
You wake up.
You hit the sleepcap but do no damage.
The sleepcap is severely damaged.
The sleepcap releases spores at you.
* * * LOW HITPOINT WARNING * * *
The sleepcap attacks as you move away! The sleepcap releases spores at you.
You die...

# #..))..........
#.###
#.#####.#######
#.##.. #†# #.#
###.##.#######.#
#.#
###......#.....#.#
#.#
.........#.###.#.#
#.#
.........#.###.#.#
...
....####.#.#...#f#
###
...........#.###@#
...#.).#.###.# #.#
...+.......#.# #.#
...#####.#.#.# #.#
#### #.#.#.# #.#
#.#.#.# #.#
#.#.#[# #.#
#.#.#.# #.#
#.#.#.###.#


You could see a sleepcap (poisoned).

Vanquished Creatures
  A scorpion (D:3)
  An orc priest (D:3)
  An iguana (D:4)
  Robin (D:2)
  An adder (D:2)
  2 worms (D:2)
  4 dart slugs
  3 orcs
  9 endoplasms
  2 giant cockroaches
  13 goblins
  6 hobgoblins
  7 kobolds
  A quokka (D:1)
  6 ball pythons
  9 bats
  6 frilled lizards
  4 rats
77 creatures vanquished.

Notes
Turn   | Place    | Note
-------+----------+-------------------------------------------
     0 | D:1      | reriks the Armataur Hedge Wizard began the quest for the
                  | Orb.
     0 | D:1      | Reached XP level 1. HP: 14/14 MP: 4/4
   223 | D:1      | Reached skill level 1 in Conjurations
   356 | D:1      | Reached XP level 2. HP: 21/21 MP: 0/5
   367 | D:1      | Reached skill level 1 in Summonings
  1062 | D:1      | Learned a level 2 spell: Blink
  1074 | D:2      | Reached XP level 3. HP: 25/27 MP: 2/7
  1187 | D:2      | Noticed Robin
  1581 | D:2      | Killed Robin
  1582 | D:2      | Reached XP level 4. HP: 13/35 MP: 3/8
  1783 | D:2      | Found a faded altar of an unknown god.
  3246 | D:3      | Learned a level 3 spell: Mephitic Cloud
  3299 | D:3      | Found a transporter.
  3301 | D:3      | Noticed an ogre
  3342 | D:3      | Found Qike's General Store.
  3548 | D:3      | Found a transporter.
  3873 | D:3      | Noticed a scorpion
  3884 | D:3      | Killed a scorpion
  3885 | D:3      | Reached skill level 1 in Armour
  3885 | D:3      | Reached XP level 5. HP: 14/41 MP: 6/9
  4481 | D:4      | Slain by a sleepcap

Illustrated notes

Levels and vault maps discovered:
D:1:      wheals_arrival_linesprint, layout_basic, solitary_fountain
D:2:      minmay_spotlight, layout_basic, ebering_ecumenical_altar_webs,
          serial_rivers, chequers_serial_rivers_micro_d,
          chequers_serial_rivers_micro_a, chequers_serial_rivers_small_b,
          chequers_serial_rivers_room_a, uniq_robin
D:3:      gammafunk_steamed_eel, layout_loops_cross, serial_shops, shop,
          kennysheep_big_empty_room, reono_crystal_passage
D:4:      kennysheep_goblin_castle, layout_basic,
          minmay_temple_entry_mini_moons, minmay_misc_feat_ornament

Skill      XL: |  1  2  3  4 |
---------------+-------------+-----
Conjurations   | 1 2 |  2.2
Summonings     | 1 |  1.5
Spellcasting   | 3 |  3.3
Stealth        | 3 |  3.1
Dodging        | 2 |  2.1
Translocations | 2 |  2.0
Armour         | 1 |  1.2
Fighting       | |  0.9
Poison Magic   | |  0.9

Action                     |  1- 3 |  4- 6 || total
---------------------------+-------+-------++-------
  Melee: Dagger            |    46 |    25 ||    71
         Tailslap          |     5 |     4 ||     9
   Cast: Magic Dart        |    97 |   105 ||   202
         Blink             |       |     1 ||     1
   Stab: Sleeping          |     1 |       ||     1
 Armour: Robe              |    25 |    24 ||    49
  Dodge: Dodged            |    32 |    23 ||    55

Table legend: (Time is in decaauts)
 A = Elapsed time spent in this place.
 B = Non-inter-level travel time spent in this place.
 C = Inter-level travel time spent in this place.
 D = Time resting spent in this place.
 E = Time spent auto-exploring this place.
 F = Levels seen in this place.
 G = Mean time per level.
                   A        B        C        D        E       F      G
               +--------+--------+--------+--------+--------+-----+--------+
         Total |   4486 |   4088 |    398 |   1432 |   1913 |   4 | 1121.5 |
       Dungeon |   4486 |   4088 |    398 |   1432 |   1913 |   4 | 1121.5 |
               +--------+--------+--------+--------+--------+-----+--------+

Top non-repeatable levels by time:
     D:2: 1928 daAuts
     D:1: 1191 daAuts
     D:3: 1101 daAuts
     D:4: 265 daAuts
